Map: Dusk Towers

Players

Cham - Winner!

  • Race: Zerg Zerg

Jim

  • Race: Protoss Protoss

Event: DreamHack Open Tours WCS Spring Championship, DreamHack Open Tours WCS Spring Championship

VOD

Have the link to the VOD?

Description

Time

  • Played on: May 15, 2016, 11:53 a.m.
  • Length: 12:55

All games in this series

Show
View Real Time Build Order
Export as new Build Order

Cham Zerg - Winner!

Build Orders: Hatch First 

Get SALT Encoding   

  12  0:01  Drone  
  13  0:09  Drone  
  14  0:17  Overlord  
  14  0:35  Drone x3  
  17  0:52  Hatchery  
  17  0:54  Drone  
  17  0:58  Drone  
  17  1:01  Extractor  
  17  1:08  Drone  
  18  1:16  Spawning Pool  
  17  1:20  Drone  
  18  1:30  Drone  
  19  1:43  Drone  
  20  1:50  Drone  
  21  1:57  Hatchery  
  20  2:03  Metabolic Boost  
  20  2:09  Queen  
  20  2:13  Drone  
  23  2:16  Drone  
  23  2:21  Overlord  
  24  2:25  Drone  
  24  2:29  Drone  
  26  2:32  Overlord  
  26  2:38  Queen  
  26  2:41  Drone  
  29  2:45  Drone  
  29  2:46  Drone  
  29  2:48  Drone  
  32  2:57  Drone  
  33  3:00  Queen  
  33  3:03  Overlord  
  35  3:06  Drone  
  36  3:14  Zergling x4  
  36  3:16  Zergling x2  
  36  3:19  Zergling x2  
  40  3:20  Zergling x4  
  40  3:22  Overlord  
  40  3:23  Drone  
  43  3:30  Drone  
  43  3:31  Queen  
  43  3:33  Drone x2  
  48  3:40  Queen  
  50  3:41  Drone  
  50  3:42  Drone x2  
  53  3:49  Overlord  
  53  3:50  Drone x3  
  53  3:52  Drone  
  53  3:53  Drone  
  59  3:55  Drone  
  59  3:57  Drone  
  59  3:58  Drone  
  61  4:04  Overlord x2  
  61  4:06  Drone  
  62  4:14  Drone  
  62  4:15  Queen x2  
  66  4:19  Overlord  
  66  4:21  Overlord  
  66  4:23  Drone x2  
  68  4:25  Drone x2  
  68  4:26  Drone  
  68  4:29  Drone x2  
  73  4:31  Drone  
  73  4:32  Drone  
  73  4:33  Drone  
  73  4:34  Drone  
  73  4:38  Roach Warren  
  76  4:41  Queen  
  78  4:46  Overlord  
  78  4:50  Extractor  
  78  4:51  Overlord x2, Extractor  
  76  4:53  Queen, Extractor  
  76  4:57  Queen  
  79  5:02  Overlord x2  
  79  5:05  Drone x4  
  83  5:19  Roach x3  
  83  5:20  Roach x3  
  83  5:21  Overlord  
  95  5:25  Roach x2  
  95  5:27  Roach  
  101  5:29  Roach  
  101  5:30  Zergling x6  
  101  5:34  Roach x2  
  110  5:36  Roach  
  110  5:38  Zergling x2  
  113  5:43  Roach x3  
  119  5:50  Roach  
  119  5:52  Queen x2, Zergling x2  
  119  5:54  Queen  
  128  5:58  Roach x2  
  128  5:59  Zergling x2  
  128  6:01  Zergling x4  
  135  6:04  Overlord  
  135  6:07  Overlord  
  135  6:08  Extractor x2  
  135  6:10  Zergling x2  
  135  6:11  Zergling x2  
  135  6:13  Spore Crawler, Zergling x2  
  135  6:14  Zergling x2  
  135  6:17  Overlord x2  
  139  6:23  Ravager x5  
  139  6:24  Zergling x2  
  145  6:25  Zergling x2  
  145  6:26  Overlord, Zergling x2  
  145  6:27  Zergling x2  
  145  6:28  Zergling x2  
  145  6:30  Zergling x4  
  145  6:32  Ravager  
  152  6:33  Zergling x2  
  128  6:47  Zergling x8  
  128  6:48  Zergling x2  
  128  6:52  Lair  
  128  6:53  Zergling x4  
  121  7:03  Zergling x4  
  121  7:07  Zergling x4  
  118  7:09  Zergling x2  
  118  7:11  Zergling x2  
  118  7:13  Zergling x4  
  118  7:15  Zergling x2  
  119  7:20  Zergling x2  
  105  7:24  Zergling x4  
  100  7:31  Zergling x4  
  95  7:37  Roach x7  
  95  7:38  Queen x2  
  95  7:42  Roach x2  
  106  7:48  Roach  
  97  7:55  Drone x2  
  96  7:59  Roach  
  96  8:01  Queen  
  96  8:02  Roach  
  96  8:03  Roach  
  104  8:07  Hatchery  
  104  8:10  Roach x2  
  104  8:11  Roach x3  
  104  8:12  Roach x2  
  117  8:14  Queen x2, Roach  
  117  8:19  Roach, Hatchery  
  124  8:28  Roach x2  
  124  8:29  Roach x3  
  124  8:31  Zergling x2  
  135  8:34  Zergling x2  
  135  8:36  Queen  
  135  8:37  Zergling x4  
  135  8:38  Zergling x4  
  135  8:39  Zergling x4  
  144  8:41  Zergling x4  
  144  8:47  Zergling x2  
  147  8:48  Ravager  
  147  8:49  Ravager x3  
  147  8:50  Ravager x3  
  147  8:52  Overlord x2  
  147  8:55  Overlord x2  
  154  9:00  Overlord x2  
  154  9:03  Overlord  
  154  9:08  Overlord  
  154  9:09  Overlord  
  153  9:10  Queen  
  153  9:11  Zergling x2  
  153  9:12  Zergling x4  
  153  9:14  Zergling x2  
  153  9:16  Zergling x2  
  160  9:18  Zergling x2  
  160  9:19  Ravager  
  160  9:20  Ravager x5  
  160  9:21  Ravager  
  160  9:24  Queen  
  128  9:46  Roach x4  
  128  9:47  Queen x2, Roach x3, Zergling x2  
  140  10:01  Roach x3, Zergling x4  
  140  10:02  Zergling x6  
  155  10:07  Roach x2, Zergling x4  
  156  10:16  Roach x2  
  154  10:24  Roach x3  
  154  10:25  Queen x2, Zergling x4  
  149  10:39  Roach x3  
  149  10:40  Zergling x2  
  146  10:43  Roach  
  146  10:44  Roach x2  
  146  10:47  Roach  
  146  10:48  Roach, Zergling x4  
  149  10:51  Roach  
  149  10:52  Roach, Zergling x2  
  149  10:54  Roach  
  151  11:00  Ravager x4  
  151  11:02  Queen x2  
  159  11:04  Roach, Zergling x2  
  159  11:07  Roach  
  159  11:08  Roach x2, Zergling x2  
  164  11:11  Ravager  
  164  11:13  Drone x2  
  164  11:14  Queen, Drone x3  
  171  11:24  Ravager  
  171  11:25  Ravager, Zergling x6  
  176  11:27  Zergling x4  
  178  11:33  Overseer x2  
  178  11:35  Overseer  
  178  11:38  Overlord x2, Drone x3  
  181  11:48  Drone x3  
  181  11:49  Roach x2, Zergling x6  
  181  11:50  Hatchery  
  181  11:53  Ravager x2  
  192  12:02  Zergling x14  
  192  12:08  Drone x2  
  200  12:09  Spore Crawler  
  194  12:16  Drone x3  
  194  12:17  Drone x3  
  194  12:21  Drone  
  200  12:30  Evolution Chamber  
  200  12:32  Evolution Chamber  
Show
View Real Time Build Order
Export as new Build Order

Jim Protoss 

Build Orders: Nexus First, Phoenix Opening 

Get SALT Encoding   

  12  0:00  Probe (Chrono Boost)  
  13  0:11  Probe (Chrono Boost)  
  14  0:17  Pylon  
  14  0:22  Probe (Chrono Boost)  
  15  0:35  Probe (Chrono Boost)  
  16  0:46  Probe (Chrono Boost)  
  17  0:56  Probe (Chrono Boost)  
  18  1:02  Nexus  
  18  1:13  Gateway  
  18  1:15  Probe (Chrono Boost)  
  19  1:24  Assimilator  
  19  1:26  Probe (Chrono Boost)  
  20  1:33  Assimilator  
  20  1:37  Probe (Chrono Boost)  
  21  1:41  Gateway  
  21  1:47  Probe (Chrono Boost)  
  21  1:50  Pylon  
  22  1:58  Probe (Chrono Boost)  
  23  2:03  Cybernetics Core  
  23  2:08  Probe (Chrono Boost)  
  23  2:14  Probe (Chrono Boost)  
  25  2:19  Probe (Chrono Boost)  
  26  2:25  Probe (Chrono Boost)  
  28  2:30  Probe (Chrono Boost)  
  28  2:36  Probe (Chrono Boost)  
  29  2:39  Adept x2  
  29  2:40  Warp Gate, Probe (Chrono Boost)  
  34  2:46  Probe (Chrono Boost)  
  34  2:51  Probe (Chrono Boost)  
  36  2:54  Stargate  
  36  2:57  Probe (Chrono Boost)  
  37  3:01  Probe (Chrono Boost)  
  38  3:07  Probe (Chrono Boost)  
  38  3:10  Pylon  
  38  3:12  Probe (Chrono Boost)  
  40  3:18  Zealot, Adept, Mothership Core (Chrono Boost)  
  46  3:23  Pylon  
  46  3:28  Probe (Chrono Boost)  
  47  3:35  Probe (Chrono Boost)  
  47  3:38  Phoenix (Chrono Boost)  
  50  3:48  Probe  
  50  3:49  Probe, Nexus  
  50  3:54  Pylon  
  52  4:00  Phoenix (Chrono Boost)  
  54  4:10  Probe  
  54  4:12  Probe  
  54  4:14  Gateway  
  54  4:16  Forge  
  56  4:18  Assimilator  
  56  4:19  Assimilator  
  56  4:20  Probe  
  56  4:24  Probe  
  58  4:25  Phoenix (Chrono Boost)  
  60  4:31  Probe  
  60  4:36  Probe  
  60  4:37  Robotics Facility  
  62  4:48  Robotics Facility  
  62  4:50  Pylon  
  62  4:56  Pylon  
  62  4:59  Probe  
  62  5:00  Probe  
  62  5:01  Probe  
  62  5:02  Phoenix (Chrono Boost)  
  62  5:06  Pylon  
  67  5:07  Pylon  
  67  5:10  Probe  
  67  5:11  Probe  
  67  5:13  Probe  
  70  5:16  Protoss Ground Weapons Level 1  
  70  5:21  Probe  
  70  5:22  Probe  
  70  5:23  Photon Cannon  
  70  5:25  Immortal (Chrono Boost)  
  76  5:29  Phoenix (Chrono Boost)  
  76  5:32  Probe x2  
  80  5:38  Immortal (Chrono Boost)  
  84  5:44  Photon Cannon  
  84  5:47  Sentry  
  84  5:48  Zealot  
  88  5:52  Photon Cannon  
  88  5:55  Probe  
  88  5:56  Probe x2  
  91  6:05  Immortal  
  91  6:06  Sentry  
  91  6:09  Photon Cannon  
  91  6:10  Photon Cannon  
  97  6:13  Pylon  
  97  6:14  Immortal  
  97  6:23  Sentry  
  103  6:29  Photon Cannon  
  103  6:31  Zealot x2  
  103  6:47  Immortal  
  95  6:49  Zealot, Mothership Core  
  95  6:50  Zealot  
  103  6:58  Immortal  
  103  7:01  Zealot  
  101  7:07  Zealot  
  91  7:11  Zealot  
  91  7:14  Probe x3  
  83  7:28  Zealot x2  
  83  7:31  Immortal  
  83  7:33  Immortal  
  83  7:36  Probe x3  
  82  7:41  Phoenix  
  82  7:44  Zealot  
  82  7:47  Zealot  
  82  7:48  Probe x2  
  82  7:50  Probe  
  83  7:59  Twilight Council  
  83  8:00  Probe x2  
  83  8:02  Pylon  
  83  8:05  Assimilator  
  85  8:07  Pylon  
  85  8:15  Immortal  
  90  8:20  Probe x2, Immortal  
  90  8:21  Mothership Core  
  90  8:26  Sentry x2  
  101  8:30  Pylon  
  101  8:32  Pylon  
  101  8:41  Photon Cannon  
  101  8:43  Pylon  
  101  8:48  Probe x2  
  103  8:52  Photon Cannon  
  103  8:53  Pylon, Sentry  
  103  8:54  Zealot x2  
  109  8:57  Probe  
  109  9:00  Probe  
  111  9:02  Observer  
  111  9:03  Immortal  
  116  9:13  Probe, Phoenix  
  119  9:23  Zealot x3  
  107  9:43  Zealot x3  
  107  9:44  Immortal x2  
  105  10:01  Zealot  
  105  10:03  Zealot  
  105  10:04  Zealot  
  107  10:18  Immortal  
  103  10:23  Charge  
  103  10:26  Gateway x2  
  107  10:34  Zealot  
  93  10:40  Probe x2  
  93  10:41  Probe  
  73  10:48  Immortal  
  69  10:52  Immortal  
  69  10:53  Zealot x2  
  70  10:59  Gateway  
  70  11:00  Phoenix  
  75  11:08  Gateway  
  75  11:10  Pylon  
  74  11:11  Pylon  
  74  11:12  Pylon  
  74  11:16  Pylon  
  74  11:23  Templar Archives  
  74  11:25  Pylon x2  
  74  11:26  Pylon  
  74  11:29  Phoenix  
  76  11:33  Sentry x2  
  80  11:48  Templar Archives  
  80  12:00  High Templar x3  
  80  12:01  High Templar  
  88  12:02  Zealot  
  88  12:04  Archon  
  88  12:05  Archon  
  90  12:22  High Templar  
  92  12:23  High Templar  
  92  12:27  Archon  
  94  12:31  Zealot  
  94  12:32  Zealot x2  
  94  12:33  Zealot  

Tags
 
Add a new tag
Caveats
  • Supply blocks, unpowered buildings, or Contaminate may cause inaccurate times.
  • Supply counts are checked every 10 seconds.